 Dungeon Crawl Stone Soup version 0.30-a0-737-gf23d94013f (webtiles) character file.

Game seed: 9137917122090215311

190528 Biblin the Executioner (level 18, -11/180 HPs)
             Began as a Hill Orc Fighter on Nov 9, 2022.
             Was a High Priest of Okawaru.
             Killed from afar by a merfolk aquamancer (16 damage)
             ... with a torrent of water
             ... on level 2 of the Shoals on Feb 1, 2023.
             The game lasted 02:23:48 (44463 turns).

Biblin the Executioner (Hill Orc Fighter)          Turns: 44463, Time: 02:23:49

Health: -11/180    AC: 37    Str: 32 (33) XL:     18   Next: 17%
Magic:  0/23       EV: 11    Int: 14      God:    Okawaru [*****.]
Gold:   2463       SH:  0    Dex: 10      Spells: 17/17 levels left

rFire   . . .      SeeInvis .    Y - +2 executioner's axe (freeze)
rCold   . . .      Faith    .    (shield currently unavailable)
rNeg    . . .      Spirit   +    p - +6 plate armour "Sihyrip" {rElec Int+3}
rPois   .          Reflect  .    U - +2 helmet {Int+3}
rElec   +          Harm     .    Q - +0 cloak {rCorr}
rCorr   +          Rampage  .    (no gloves)
Will    +....                    N - +2 pair of boots {Stlth+} Stlth
                                 P - amulet of guardian spirit
HPRegen 0.50/turn                B - +4 ring of slaying
MPRegen 0.18/turn                x - +6 ring of strength

@: heroic, studying Ranged Weapons
A: no striking features
}: 1/15 runes: gossamer
a: Renounce Religion, Heroism, Finesse, Duel


You were on level 2 of the Shoals.
You worshipped Okawaru.
Okawaru was extremely pleased with you.
You visited 7 branches of the dungeon, and saw 30 of its levels.
You also visited: Sewer and Gauntlet.

You collected 3247 gold pieces.
You spent 784 gold pieces at shops.

Inventory:

Hand Weapons
 s - a +2 battleaxe of flaming
 X - the +8 morningstar "Coaniuso" {heavy, rC+ rN+ Will+ Stlth+}
   (You found it on level 3 of the Spider Nest)

   rC:        It protects you from cold.
   rN:        It protects you from negative energy.
   Will:      It increases your willpower.
   Stlth:     It makes you more stealthy.
 Y - a +2 executioner's axe of freezing (weapon)
Missiles
 t - a throwing net
 w - 4 boomerangs of dispersal (quivered)
Armour
 c - the +18 shield of the Gong {Loud rElec rN+ Will+ EV-5}
   (You found it on level 15 of the Dungeon)

   Loud:      It is deafeningly noisy when blocking attacks.
   EV:        It affects your evasion (-5).
   rElec:     It insulates you from electricity.
   rN:        It protects you from negative energy.
   Will:      It increases your willpower.
 d - the +2 pair of boots of Qoorr {-Cast Harm rPois SInv}
   (You acquired it on level 6 of the Dungeon)

   rPois:     It protects you from poison.
   SInv:      It lets you see invisible.
   -Cast:     It prevents spellcasting.
   Harm:      It increases damage dealt and taken.
 f - a +2 ring mail of cold resistance
 g - the +0 pair of boots "Puroomaq" {Harm SInv}
   (Okawaru gifted it to you on level 2 of the Spider Nest)

   SInv:      It lets you see invisible.
   Harm:      It increases damage dealt and taken.
 p - the +6 plate armour "Sihyrip" (worn) {rElec Int+3}
   (Okawaru gifted it to you on level 4 of the Spider Nest)

   Int:       It affects your intelligence (+3).
   rElec:     It insulates you from electricity.
 z - +2 acid dragon scales
 A - the +0 ring mail "Erexaidd" {Rampage +Blink rPois}
   (Okawaru gifted it to you on level 2 of the Lair of Beasts)

   rPois:     It protects you from poison.
   +Blink:    It lets you blink.
   Rampage:   It bestows one free step when moving towards enemies.
 H - a +3 scale mail of positive energy
 K - a +2 helmet
 N - a +2 pair of boots of stealth (worn)
 Q - a +0 cloak of preservation (worn)
 S - a +0 plate armour of willpower
 U - a +2 helmet of intelligence (worn)
Jewellery
 h - a ring of magical power
 l - a ring of flight
 m - a +4 ring of protection
 x - a +6 ring of strength (right hand)
 B - a +4 ring of slaying (left hand)
 J - a ring of positive energy
 L - the amulet "Limuc" {Reflect *Slow rElec Dex+4 SH+5 Stlth+}
   (You found it on level 3 of the Spider Nest)

   [amulet of reflection]

   It reflects blocked missile attacks.
   Dex:       It affects your dexterity (+4).
   rElec:     It insulates you from electricity.
   *Slow:     It may slow you when you take damage.
   SH:        It affects your SH (+5).
   Stlth:     It makes you more stealthy.
 P - an amulet of guardian spirit (around neck)
Wands
 n - a wand of roots (11)
 o - a wand of mindburst (44)
 r - a wand of polymorph (12)
 E - a wand of paralysis (10)
 V - a wand of flame (21)
Scrolls
 b - 4 scrolls of silence
 j - a scroll of brand weapon
 D - 3 scrolls of magic mapping
 F - 9 scrolls of teleportation
 I - 6 scrolls of blinking
 M - 4 scrolls of fear
Potions
 a - 3 potions of flight
 e - a potion of resistance
 i - 2 potions of cancellation
 k - 4 potions of curing
 q - 3 potions of ambrosia
 u - 2 potions of invisibility
 C - 6 potions of haste


   Skills:
 * Level 20.8(25.8) Fighting
 * Level 25.1(27) Axes
 * Level 19.0(24.0) Armour
 + Level 1.9(6.9) Dodging
 - Level 5.0(10.0) Shields
 * Level 7.5 Invocations


You had 17 spell levels left.
You didn't know any spells.
Your spell library contained the following spells:

 Spells                   Type           Power      Damage    Failure   Level
 Freeze                   Ice            0%         1d3       65%         1
 Kiss of Death            Conj/Necr      0%         2d5       65%         1
 Slow                     Hex            0%         N/A       65%         1
 Blink                    Tloc           0%         N/A       78%         2
 Cigotuvi's Dreadful Rot  Necr/Pois/Air  0%         N/A       78%         2
 Lesser Beckoning         Tloc           0%         N/A       78%         2
 Momentum Strike          Conj/Tloc      0%         3d8       78%         2
 Sublimation of Blood     Necr           0%         N/A       78%         2
 Confusing Touch          Hex            0%         N/A       95%         3
 Frozen Ramparts          Ice            0%         1d1       95%         3
 Gell's Gravitas          Tloc           0%         N/A       95%         3
 Hailstorm                Conj/Ice       0%         3d3       95%         3
 Ignite Poison            Fire/Tmut/Pois 0%         N/A       95%         3
 Kindle Blastsparks       Fire/Tloc/Air  0%         2d10      95%         3
 Ozocubu's Armour         Ice            0%         N/A       95%         3
 Spider Form              Tmut/Pois      0%         N/A       95%         3
 Stone Arrow              Conj/Erth      0%         3d7       95%         3
 Teleport Other           Tloc           0%         N/A       95%         3
 Vampiric Draining        Necr           0%         2d6       95%         3
 Anguish                  Hex/Necr       0%         N/A       100%        4
 Dispel Undead            Necr           0%         3d6       100%        4
 Passage of Golubria      Tloc           0%         N/A       100%        4
 Petrify                  Tmut/Erth      0%         N/A       100%        4
 Sticky Flame             Conj/Fire      0%         2d3       100%        4
 Freezing Cloud           Conj/Ice/Air   0%         6-21      100%        5
 Irradiate                Conj/Tmut      0%         3d11      100%        5
 Metabolic Englaciation   Hex/Ice        0%         N/A       100%        5
 Yara's Violent Unravell  Hex/Tmut       0%         3d3       100%        5
 Dispersal                Tloc           0%         N/A       100%        6
 Enfeeble                 Hex            0%         N/A       100%        7
 Storm Form               Tmut/Air       0%         N/A       100%        7
 Ignition                 Fire           0%         3d3       100%        8
 Lehudib's Crystal Spear  Conj/Erth      0%         10d2      100%        8
 Maxwell's Capacitive Co  Air            0%         ∞         100%        8
 Summon Small Mammal      Summ           Unusable   N/A       N/A         1
 Call Canine Familiar     Summ           Unusable   N/A       N/A         3
 Summon Guardian Golem    Hex/Summ       Unusable   N/A       N/A         3
 Tukima's Dance           Hex            Unusable   N/A       N/A         3
 Animate Armour           Summ/Erth      Unusable   N/A       N/A         4
 Summon Lightning Spire   Summ/Air       Unusable   N/A       N/A         4
 Death Channel            Necr           Unusable   N/A       N/A         6
 Simulacrum               Ice/Necr       Unusable   N/A       N/A         6

Dungeon Overview and Level Annotations

Branches:
Dungeon (15/15)            Temple (1/1) D:6            Lair (5/5) D:9
 Shoals (2/4) Lair:3       Spider (4/4) Lair:3        Slime (0/5) Lair:5
    Orc (2/2) D:12            Elf (1/3) Orc:2        Vaults (0/5) D:14
 Depths (0/4) D:15          Sewer (visited)         Gauntlet (visited)

Altars:
Ashenzari
Cheibriados
Dithmenos
Elyvilon
Fedhas
Gozag
Hepliaklqana
Kikubaaqudgha
Makhleb
Nemelex Xobeh
Okawaru
Qazlal
Ru
Sif Muna
Trog
Uskayaw
Vehumet
Wu Jian
Xom
Yredelemnul
Zin
The Shining One
Beogh

Shops:
D:4 *   D:9 (   D:11 (   Orc:2 [![??

Annotations:
Lair:1 exclusion: oklob plant
Spider:3 3 runed translucent doors, HoaS's ghost, adept KoHu


Message History

The water elemental hits you.
You carve the water elemental like a ham!!!
You freeze the water elemental!
You destroy the water elemental!
Okawaru accepts your kill.
You gain the combat prowess of a mighty hero.
The merfolk hits you from afar with a +0 trident.
* * * LOW HITPOINT WARNING * * *
You closely miss the sea snake.
The merfolk hits you from afar with a +0 trident!
* * * LOW HITPOINT WARNING * * *
The sea snake barely misses you.
The merfolk aquamancer mumbles some strange words.
The merfolk aquamancer blinks!
You slice the sea snake like a ripe choko!!!
You freeze the sea snake!
The sea snake is almost dead.
The sea snake misses you.
The merfolk hits you but does no damage. x2
You closely miss the sea snake.
The sea snake is almost dead.
The sea snake bites you but does no damage.
The merfolk hits you but does no damage. x2
You feel better.
The sea snake bites you but does no damage.
The merfolk barely misses you.
The merfolk hits you from afar with a +0 trident.
* * * LOW HITPOINT WARNING * * *
You closely miss the sea snake.
The sea snake is almost dead.
The sea snake bites you but does no damage.
You slice the merfolk aquamancer!! You freeze the merfolk aquamancer!
The merfolk aquamancer is severely wounded.
You slash the sea snake!
The sea snake seems to slow down.
You freeze the sea snake. The merfolk barely misses you.
The merfolk hits you from afar with a +0 trident!
* * * LOW HITPOINT WARNING * * *
The merfolk aquamancer gestures at you while chanting.
The torrent of water hits you!
You die...

~~~. #.PP~~~~~...
PP~~P###.~~~....[..
~PP~PP.PPP~~.......
~P.P~~..PP.~P......
~....~..PP.P..~....
P..PP~...^.........
P...P~~.....P....~.
~.PPP..~.##...~..~.
~....~..@###.......
~~P~~~.mS##......~~
~~~~~~~mmC....C.~~~
~≈≈~~.~.).~~.....~.
~P~~~~†....~.......
~~~~~~~.......C....
~~~~~~~......##..~.
~~≈~~~~~~.....#.~~.
.~~~≈~~~~..~....~..


You could see a sea snake (slow), a merfolk aquamancer, 2 merfolk and a cyclops.

Vanquished Creatures
  Rupert (Orc:2)
  6 ghost moths
  9 emperor scorpions
  An orc warlord (D:12)
  2 broodmothers
  Azrael (Spider:2)
  A minotaur (Gauntlet)
  2 spark wasps
  An ettin (D:15)
  Snorg (D:12)
  6 entropy weavers
  3 merfolk impalers
  An ogre mage (D:12)
  4 hydras
  4 catoblepae
  A merfolk avatar (Shoals:2)
  3 boulder beetles
  8 radroaches
  2 centaur warriors
  7 two-headed ogres
  2 dancing weapons (D:14)
  4 tengu warriors (D:15)
  13 death yaks (Lair:5)
  5 orc high priests (Orc:2)
  Nergalle (Lair:2)
  4 pharaoh ants
  3 sun moths
  3 deep trolls (D:15)
  8 skeletal warriors
  4 sea snakes
  6 steelbarb worms
  10 orb spiders
  10 orc knights
  A lindwurm (Lair:2)
  A deep elf zephyrmancer (D:14)
  16 wolf spiders
  2 necromancers
  7 ugly things
  A cyclops (D:14)
  4 manticores
  2 moths of wrath
  A merfolk siren (Shoals:1)
  9 elephants
  6 black mambas
  Maurice (D:8)
  2 vault sentinels (D:15)
  7 torpor snails
  An apocalypse crab (Gauntlet)
  4 orange demons (D:14)
  A gargoyle (D:11)
  10 cane toads
  Maggie (D:8)
  4 kobold demonologists (D:12)
  14 komodo dragons
  2 tengu conjurers (D:15)
  5 yaktaurs (D:15)
  4 demonic crawlers
  2 red devils (D:14)
  9 trolls
  12 meliai
  9 merfolk
  3 wind drakes
  27 hornets
  3 polar bears
  11 slime creatures
  35 tarantellas
  A raiju (Gauntlet)
  18 culicivoras
  A snapping turtle (Shoals:2)
  19 blink frogs
  17 jumping spiders
  A wraith (D:12)
  A shadow (D:11)
  47 yaks
  6 wyverns
  3 water elementals (Shoals:2)
  3 fire elementals
  3 humans (D:9)
  4 basilisks
  8 vampire mosquitoes
  66 redbacks
  4 steam dragons
  Edmund (D:6)
  3 acid dragons
  6 water moccasins
  2 hell hounds (Spider:2)
  An ice beast (D:5)
  33 orc warriors
  2 sky beasts
  3 black bears
  17 ogres
  A centaur (D:12)
  14 wolves
  A gnoll sergeant (D:10)
  7 kobold brigands
  9 bullfrogs
  4 scorpions (Spider:2)
  8 wights
  13 killer bees
  An electric eel (Spider:4)
  2 howler monkeys (D:11)
  2 hounds
  6 jellies
  A gnoll bouda (D:9)
  29 orc priests
  Jessica (D:2)
  2 iguanas
  23 orc wizards
  7 hell rats (Lair:5)
  3 polar bear simulacra (D:12)
  3 yak simulacra (D:12)
  2 wolf simulacra (D:12)
  17 gnolls
  7 adders
  A river rat (D:3)
  2 shadow imps
  2 white imps
  3 worms
  3 dart slugs
  117 orcs
  8 ball pythons
  9 bats
  8 endoplasms
  10 giant cockroaches
  18 goblins
  15 hobgoblins
  5 jackals
  32 kobolds
  2 quokkas
  2 frilled lizards
  14 rats
  3 river rat simulacra (D:12)
  A bush (Lair:4)
1042 creatures vanquished.

Vanquished Creatures (others)
  An orb spider (Spider:3)
  A torpor snail (Spider:3)
  37 fungi
  97 plants
136 creatures vanquished.

Grand Total: 1178 creatures vanquished

Notes
Turn   | Place    | Note
-------+----------+-------------------------------------------
     0 | D:1      | Biblin the Hill Orc Fighter began the quest for the Orb.
     0 | D:1      | Reached XP level 1. HP: 19/19 MP: 1/1
     3 | D:1      | Noticed an electric eel
     4 | D:1      | Noticed an electric eel
   129 | D:1      | Reached XP level 2. HP: 27/27 MP: 2/2
   303 | D:1      | Found a faded altar of an unknown god.
   330 | D:1      | Reached skill level 3 in Axes
   573 | D:1      | Reached XP level 3. HP: 33/33 MP: 3/3
  1210 | D:2      | Reached skill level 4 in Axes
  1210 | D:2      | Reached XP level 4. HP: 41/41 MP: 4/4
  1259 | D:2      | Noticed Jessica
  1275 | D:2      | Killed Jessica
  1633 | D:2      | Reached skill level 5 in Axes
  2156 | D:3      | Reached XP level 5. HP: 47/47 MP: 5/5
  2250 | D:3      | Found a stormy altar of Qazlal.
  2407 | D:3      | Identified the +2 robe "Oceghaghish" {+Inv}
  2550 | D:3      | Found a glowing drain.
  2569 | Sewer    | Entered a sewer
  2708 | Sewer    | Reached skill level 6 in Axes
  2782 | Sewer    | Noticed a kobold brigand
  2790 | Sewer    | Killed a kobold brigand
  2791 | Sewer    | Reached XP level 6. HP: 18/53 MP: 6/6
  3069 | D:3      | Found an ancient bone altar of Kikubaaqudgha.
  3070 | D:3      | Found a snail-covered altar of Cheibriados.
  3074 | D:3      | Found a glowing golden altar of the Shining One.
  3318 | D:4      | Reached skill level 7 in Axes
  3374 | D:4      | Found a glowing silver altar of Zin.
  3376 | D:4      | Found Zin's Purification Station.
  3569 | D:4      | Found a burning altar of Makhleb.
  3914 | D:4      | Found a hide-covered altar of Uskayaw.
  3947 | D:4      | Found a broken altar of Ashenzari.
  4140 | D:4      | Identified the +6 demon trident of the Forest {elec, rPois
                  | rF- Str+2 SInv}
  4242 | D:5      | Entered Level 5 of the Dungeon
  4246 | D:5      | Reached skill level 5 in Fighting
  4592 | D:5      | Reached XP level 7. HP: 55/61 MP: 7/7
  4675 | D:5      | Reached skill level 5 in Armour
  4864 | D:5      | Reached skill level 8 in Axes
  5293 | D:6      | Noticed Edmund
  5309 | D:6      | Killed Edmund
  5389 | D:6      | Reached XP level 8. HP: 69/70 MP: 8/8
  5426 | D:6      | Reached skill level 9 in Axes
  5552 | D:6      | Found an ornate altar of the Wu Jian Council.
  5671 | D:6      | Found a staircase to the Ecumenical Temple.
  5684 | Temple   | Entered the Ecumenical Temple
  5836 | D:6      | Identified a scroll of acquirement
  5837 | D:6      | Acquired the +2 pair of boots of Qoorr {-Cast Harm rPois
                  | SInv}
  5921 | D:6      | Found a runed translucent door.
  5975 | D:6      | Reached skill level 10 in Axes
  6262 | D:6      | Found a roughly hewn altar of Beogh.
  6399 | D:7      | Reached skill level 11 in Axes
  6400 | D:7      | Reached XP level 9. HP: 77/78 MP: 9/9
  6606 | D:7      | Reached skill level 12 in Axes
  6805 | D:7      | Found an iron altar of Okawaru.
  6824 | D:7      | Became a worshipper of Warmaster Okawaru
  7687 | D:8      | Noticed Maggie
  7701 | D:8      | Killed Maggie
  7794 | D:8      | Reached * piety under Okawaru
  7798 | D:8      | Reached skill level 13 in Axes
  8161 | D:8      | You are sucked into a shaft and drop 3 floors!
  8203 | D:10     | Entered Level 10 of the Dungeon
  8220 | D:9      | Found a staircase to the Lair.
  8234 | D:9      | Reached XP level 10. HP: 85/90 MP: 10/10
  8247 | Lair:1   | Entered Level 1 of the Lair of Beasts
  8252 | Lair:1   | Noticed a black mamba
  8265 | Lair:1   | Killed a black mamba
  8722 | D:8      | Found a hazy altar of Hepliaklqana.
  8828 | D:8      | Reached skill level 14 in Axes
  8884 | D:8      | Reached ** piety under Okawaru
  9091 | D:8      | Noticed Maurice
  9134 | D:8      | Killed Maurice
  9682 | D:9      | Found Buehaph's Antique Weapon Shop.
 10374 | D:10     | Reached *** piety under Okawaru
 10375 | D:10     | Reached skill level 10 in Fighting
 10494 | D:10     | Got Gokk's Catalogue of Grit and Forms
 10587 | D:10     | Reached skill level 10 in Armour
 10587 | D:10     | Reached XP level 11. HP: 99/99 MP: 11/11
 10594 | D:10     | Reached skill level 15 in Axes
 11245 | Lair:1   | Reached **** piety under Okawaru
 11739 | Lair:1   | Reached ***** piety under Okawaru
 11750 | Lair:1   | Reached skill level 16 in Axes
 11931 | Lair:1   | Noticed an oklob plant
 12222 | Lair:1   | Received a gift from Okawaru
 12577 | Lair:1   | Reached XP level 12. HP: 110/110 MP: 12/12
 13024 | Lair:2   | Reached skill level 17 in Axes
 13538 | Lair:2   | Noticed Nergalle
 13556 | Lair:2   | Killed Nergalle
 13640 | Lair:2   | Noticed a catoblepas
 13671 | Lair:2   | Identified the +0 ring mail "Erexaidd" {Rampage +Blink
                  | rPois} (Okawaru gifted it to you on level 2 of the Lair of
                  | Beasts)
 13671 | Lair:2   | Received a gift from Okawaru
 14343 | Lair:2   | Paralysed by a hornet for 1 turns
 14470 | Lair:2   | Noticed an eight-headed hydra
 14481 | Lair:2   | Killed a four-headed hydra
 14720 | Lair:2   | Reached skill level 18 in Axes
 15129 | Lair:2   | Killed a catoblepas
 15411 | Lair:3   | You fall into a shaft and drop 2 floors!
 15411 | Lair:5   | Entered Level 5 of the Lair of Beasts
 15423 | Lair:5   | Reached skill level 1 in Invocations
 15437 | Lair:5   | Reached XP level 13. HP: 118/122 MP: 14/14
 15658 | Lair:5   | Identified the +5 lajatang of Gallantry {freeze, rPois
                  | rCorr} (Okawaru gifted it to you on level 5 of the Lair of
                  | Beasts)
 15658 | Lair:5   | Received a gift from Okawaru
 16179 | Lair:5   | Reached skill level 19 in Axes
 16193 | Lair:5   | Reached ****** piety under Okawaru
 16750 | Lair:3   | Found a staircase to the Shoals.
 16826 | Lair:3   | Reached skill level 1 in Dodging
 17016 | Lair:3   | Found a hole to the Spider Nest.
 17195 | Lair:3   | Received a gift from Okawaru
 18756 | Lair:5   | Received a gift from Okawaru
 19164 | Lair:5   | Found a runed translucent door.
 19166 | Lair:5   | Found a staircase to the Slime Pits.
 19624 | Lair:5   | Reached XP level 14. HP: 125/133 MP: 15/15
 19728 | Lair:5   | Reached skill level 15 in Fighting
 19745 | Lair:5   | Reached skill level 20 in Axes
 20094 | Lair:5   | Reached skill level 15 in Armour
 20185 | Lair:5   | Received a gift from Okawaru
 22162 | D:11     | Found Daixiyni's Weapon Boutique.
 23817 | D:12     | Found a staircase to the Orcish Mines.
 24388 | Orc:1    | Entered Level 1 of the Orcish Mines
 24390 | Orc:1    | Noticed Snorg
 24419 | D:12     | Killed Snorg
 24799 | Orc:1    | Noticed an orc warlord
 24918 | D:12     | Reached skill level 21 in Axes
 24936 | D:12     | Received a gift from Okawaru
 25125 | D:13     | Reached XP level 15. HP: 145/145 MP: 16/16
 25138 | D:13     | Identified the +2 robe of the Gastropod {Drain Will+ rCorr}
 26547 | D:14     | Found a gate to the Vaults.
 27420 | D:14     | Found a sacrificial altar of Ru.
 27781 | D:15     | Entered Level 15 of the Dungeon
 28132 | D:15     | Found a gate leading to a gauntlet.
 28140 | Gauntlet | Entered a Gauntlet
 28140 | Gauntlet | Found a transporter.
 28147 | Gauntlet | Found a transporter.
 28150 | Gauntlet | Found a transporter.
 28154 | Gauntlet | Found a runed translucent door.
 28156 | Gauntlet | Found a runed translucent door.
 28158 | Gauntlet | Found a transporter.
 28160 | Gauntlet | Found a transporter.
 28169 | Gauntlet | Noticed a balrug
 28178 | Gauntlet | Found a transporter.
 28185 | Gauntlet | Found a transporter.
 28195 | Gauntlet | Found a transporter.
 28205 | Gauntlet | Found a transporter.
 28220 | Gauntlet | Found a transporter.
 28227 | Gauntlet | Found a runed translucent door.
 28229 | Gauntlet | Found a transporter.
 28232 | Gauntlet | Found a runed translucent door.
 28232 | Gauntlet | Found a transporter.
 28271 | Gauntlet | Identified the +2 pair of boots of Kleptomania {Harm}
 28345 | Gauntlet | Found a transporter.
 29006 | D:15     | Found a staircase to the Depths.
 29351 | D:15     | Received a gift from Okawaru
 30048 | D:15     | Found the +18 shield of the Gong {rElec rN+ Will+ EV-5}
 30489 | D:12     | Killed an orc warlord
 30490 | D:12     | Reached skill level 22 in Axes
 30835 | Orc:2    | Entered Level 2 of the Orcish Mines
 31074 | Orc:2    | Identified the +3 steam dragon scales of Viny Beauty
                  | {Contam Rampage Str+3 Int+7} (Okawaru gifted it to you on
                  | level 2 of the Orcish Mines)
 31074 | Orc:2    | Received a gift from Okawaru
 31164 | Orc:2    | Found Bireyppo's Magic Scroll Emporium.
 31484 | Orc:2    | Found a staircase to the Elven Halls.
 31718 | Orc:2    | Reached XP level 16. HP: 136/157 MP: 18/18
 31736 | Orc:2    | Noticed Rupert
 31750 | Orc:2    | Killed Rupert
 32080 | Orc:2    | Found Juemn's Antique Armour Shoppe.
 32084 | Orc:2    | Found Verghueth's Distillery.
 32085 | Orc:2    | Found Kytoaselok's Magic Scroll Shoppe.
 32085 | Orc:2    | Found Uzemmif's Antique Armour Emporium.
 32096 | Orc:2    | Bought an ichor-stained plate armour for 784 gold pieces
 32096 | Orc:2    | Identified the +4 plate armour of Kikubaaqudgha's Anger
                  | {*Slow rPois Int+5 Stlth+} (You bought it in a shop on
                  | level 2 of the Orcish Mines)
 32412 | Elf:1    | Entered Level 1 of the Elven Halls
 32756 | Spider:1 | Entered Level 1 of the Spider Nest
 33925 | Spider:1 | Reached skill level 23 in Axes
 34076 | Spider:1 | Paralysed by a hornet for 3 turns
 34132 | Spider:1 | Reached skill level 5 in Shields
 35073 | Spider:2 | Identified the +0 pair of boots "Puroomaq" {Harm SInv}
                  | (Okawaru gifted it to you on level 2 of the Spider Nest)
 35073 | Spider:2 | Received a gift from Okawaru
 35558 | Spider:2 | Paralysed by a hornet for 3 turns
 35664 | Spider:2 | Paralysed by a hornet for 3 turns
 36632 | Spider:3 | Noticed Azrael
 37235 | Spider:3 | Identified the amulet "Limuc" {Reflect *Slow rElec Dex+4
                  | SH+5 Stlth+}
 37381 | Spider:2 | HP: 7/160 [demonic crawler (6)]
 37383 | Spider:2 | Killed Azrael
 37765 | Spider:3 | Reached XP level 17. HP: 142/168 MP: 17/20
 38005 | Spider:2 | Reached skill level 24 in Axes
 38458 | Spider:3 | Identified the +8 morningstar "Coaniuso" {vorpal, rC+ rN+
                  | Will+ Stlth+}
 38565 | Spider:3 | Reached skill level 5 in Invocations
 38649 | Spider:3 | Received a gift from Okawaru
 38649 | Spider:3 | Found the +5 robe of Misfortune {Harm *Corrode *Slow EV+5}
 38939 | Spider:3 | Found a runed translucent gate.
 38939 | Spider:3 | Found a runed translucent gate.
 38939 | Spider:3 | Found a runed translucent gate.
 38939 | Spider:3 | Noticed HoaS's ghost (adept KoHu)
 39752 | Spider:4 | Entered Level 4 of the Spider Nest
 41610 | Spider:4 | Identified the +6 plate armour "Sihyrip" {rElec Int+3}
                  | (Okawaru gifted it to you on level 4 of the Spider Nest)
 41610 | Spider:4 | Received a gift from Okawaru
 42652 | Spider:4 | Paralysed by a hornet for 3 turns
 43332 | Spider:4 | Got a gossamer rune of Zot
 43810 | Lair:1   | Upgraded the game from 0.30-a0-358-g0d69a1922f to
                  | 0.30-a0-737-gf23d94013f
 43918 | Shoals:1 | Entered Level 1 of the Shoals
 43923 | Shoals:1 | Reached XP level 18. HP: 180/180 MP: 23/23
 44083 | Shoals:1 | Reached skill level 25 in Axes
 44343 | Shoals:1 | You fall into a shaft and drop 1 floor!
 44463 | Shoals:2 | HP: 5/180 [merfolk/+0 trident[a merfolk aquamancer] (12)]
 44463 | Shoals:2 | Killed from afar by a merfolk aquamancer

Illustrated notes

Levels and vault maps discovered:
D:1:      arrival_aquarium_b, layout_loops_corners,
          shapermc_ecumenical_altar_acropolis
D:2:      minmay_general_purpose_star, layout_basic, minmay_misc_feat_square,
          minmay_misc_feat_x, uniq_jessica
D:3:      cheibrodos_greedy_goblins, layout_basic,
          mainiacjoe_overflow_surrounded_room, minitemple, portal_sewer_entry_a
D:4:      layout_loops_corners, zin_purify, ashenzari_altar_1,
          lightli_temple_of_fire, old_standard_altar
D:5:      layout_loops_ring, serial_bayou_lagoon_a
D:6:      layout_loops_ring, mainiacjoe_overflow_paths,
          minmay_temple_entry_tees, minmay_misc_feat_diagonals,
          lightli_church_of_beogh, uniq_edmund
D:7:      layout_layer_cave, kennysheep_okawaru_gauntlet, lemuel_flame_loot_1
D:8:      layout_basic, mainiacjoe_overflow_tiny_flanked, serial_rivers,
          chequers_serial_rivers_large_b, chequers_serial_rivers_micro_d,
          chequers_serial_rivers_marsh, chequers_serial_rivers_small_b,
          chequers_serial_rivers_micro_c, hangedman_decor_push, uniq_maggie,
          uniq_maurice
D:9:      layout_long_grid, dpeg_oklobed_lair, serial_shops,
          nicolae_shop_advertising_works [nicolae_subvault_shop_adworks],
          lightli_bailey_entry_fortress, chequers_serial_rivers_small_3,
          minmay_ruffians
D:10:     layout_cave_pods
D:11:     layout_stronghold, portal_ice_cave_entry_pillars_1, serial_shops,
          nicolae_square_shop
D:12:     cheibrodos_orc_bank, layout_basic,
          kennysheep_orc_monster_closet_entryway, corexii_checkpoint_a,
          eino_house_with_fridge
D:13:     layout_rooms
D:14:     layout_stronghold, erik_vaults_1, nicolae_ru_awakened_eye,
          minmay_beelzebubs_servants
D:15:     hangedman_depths_entry_civil_slaughter, layout_basic,
          gauntlet_entry_generic, interstate_on_off,
          hellmonk_guarded_unrand_gong
Temple:   minmay_freezing_vapour_temple
Lair:1:   layout_long_grid, minmay_lair_oklob_items, grunt_megastairs_5
Lair:2:   cheibrodos_lair_overgrown_chateau, layout_small_grid,
          infiniplex_staircase_pool_2, uniq_nergalle
Lair:3:   layout_cave_pods, elwin_shoals_entry_rocks, spider_nest_entry_rubble
Lair:4:   layout_cave_pods
Lair:5:   evilmike_catoblepas_cave, layout_regular_city, slime_entry_2
Shoals:1: layout_shoals, nicolae_shoals_seven_spires
Shoals:2: layout_shoals, nicolae_shoals_water_elemental_grotto
Spider:1: layout_spider_delve, guppyfry_hornet_nest
Spider:2: spiders_nest_scorpion_pit
Spider:3: layout_spider_delve, ebering_ghost_rock_garden, drop_trap, uniq_azrael
Spider:4: spider_rune_water
Orc:1:    layout_diamond_mine, uniq_snorg
Orc:2:    st_orc_pillars, layout_diamond_mine, serial_shops,
          nicolae_square_shop, uniq_rupert
Elf:1:    eino_elf_arrival_sip, layout_rooms, hangedman_corner_corridor,
          uniq_aizul

Skill      XL: |  1  2  3  4  5  6  7  8  9 10 11 12 13 14 15 16 17 18 |
---------------+-------------------------------------------------------+-----
Fighting       | 4 5 6 8 10 11 13 14 16 18 19 20 | 20.8
Axes           | 3 4 5 6 7 8 11 13 14 16 18 19 21 22 23 24 25 | 25.1
Armour         | 4 6 8 10 11 13 14 15 17 18 19 | 19.0
Invocations    | 1 2 3 4 7 |  7.5
Dodging        | 1 |  1.9
Shields        | 5 |  5.0

Action                     |  1- 3 |  4- 6 |  7- 9 | 10-12 | 13-15 | 16-18 || total
---------------------------+-------+-------+-------+-------+-------+-------++-------
  Melee: War axe           |   120 |   220 |   297 |   319 |       |       ||   956
         Broad axe         |       |       |       |   157 |   954 |       ||  1111
         Halberd           |       |       |       |     4 |    11 |       ||    15
         Punch             |       |       |       |       |    14 |       ||    14
         Executioner's axe |       |       |       |       |   154 |   840 ||   994
 Invoke: Heroism           |       |       |       |     8 |    17 |     8 ||    33
         Finesse           |       |       |       |       |     2 |     1 ||     3
  Evoke: Wand              |       |       |       |     1 |       |       ||     1
    Use: Scroll            |     5 |    14 |     7 |     3 |     3 |     2 ||    34
         Potion            |       |     3 |     5 |     4 |     5 |    14 ||    31
   Stab: Invisible         |       |     2 |       |       |       |       ||     2
 Armour: Scale mail        |    27 |       |       |       |       |       ||    27
         Plate armour      |    61 |   138 |   133 |   238 |   583 |   809 ||  1962
  Dodge: Dodged            |    38 |    79 |    77 |   174 |   342 |   389 ||  1099
  Block: Buckler           |    21 |    56 |    37 |    92 |    23 |       ||   229
         Kite shield       |       |       |       |       |    29 |       ||    29

Table legend: (Time is in decaauts)
 A = Elapsed time spent in this place.
 B = Non-inter-level travel time spent in this place.
 C = Inter-level travel time spent in this place.
 D = Time resting spent in this place.
 E = Time spent auto-exploring this place.
 F = Levels seen in this place.
 G = Mean time per level.
                   A        B        C        D        E       F      G
               +--------+--------+--------+--------+--------+-----+--------+
         Total |  44134 |  41773 |   2361 |  15126 |  17267 |  32 | 1379.2 |
       Dungeon |  19372 |  18528 |    844 |   4416 |  10291 |  15 | 1291.5 |
        Temple |     50 |     50 |      0 |      0 |      0 |   1 |   50.0 |
          Lair |  10440 |   9552 |    888 |   4081 |   4020 |   5 | 2088.0 |
        Shoals |    498 |    498 |      0 |    204 |      0 |   2 |  249.0 |
   Spider Nest |  10355 |   9861 |    494 |   5399 |   2080 |   4 | 2588.8 |
  Orcish Mines |   2343 |   2211 |    132 |    634 |    788 |   2 | 1171.5 |
   Elven Halls |      7 |      7 |      0 |      0 |      0 |   1 |    7.0 |
         Sewer |    421 |    421 |      0 |    159 |     87 |   1 |  421.0 |
      Gauntlet |    644 |    644 |      0 |    231 |      0 |   1 |  644.0 |
               +--------+--------+--------+--------+--------+-----+--------+

Top non-repeatable levels by time:
  Lair:5: 3102 daAuts
Spider:3: 2946 daAuts
  Lair:2: 2752 daAuts
Spider:2: 2731 daAuts
Spider:4: 2657 daAuts
  Lair:1: 2150 daAuts
    D:12: 2040 daAuts
Spider:1: 2020 daAuts
    D:14: 1919 daAuts
    D:10: 1787 daAuts
    D:15: 1676 daAuts
  Lair:3: 1587 daAuts
   Orc:2: 1585 daAuts
     D:8: 1548 daAuts
     D:7: 1308 daAuts
